 Dungeon Crawl Stone Soup version 0.30.0-18-gc0e69614cb (webtiles) character file.

Game seed: 5179165599981894980

978 olmar the Grasshopper (level 8, -1/63 HPs)
             Began as a Gnoll Warper on May 23, 2023.
             Killed from afar by a steam dragon (13 damage)
             ... with a ball of steam
             ... on level 6 of the Dungeon.
             The game lasted 00:06:51 (4020 turns).

olmar the Grasshopper (Gnoll Warper)                Turns: 4020, Time: 00:06:51

Health: -1/63      AC: 11    Str: 12    XL:     8   Next: 17%
Magic:  17/17      EV: 10    Int: 13    God:
Gold:   92         SH:  0    Dex: 12    Spells: 17/19 levels left

rFire   . . .        a - +0 mace
rCold   + . .        (no shield)
rNeg    + . .        A - +2 scale mail {Will+}
rPois   +            e - +1 helmet "Nyoveg" {rC+ rN+ Regen+}
rElec   .            (no cloak)
rCorr   .            (no gloves)
SInv    .            (no boots)
Will    +....        D - amulet of magic regeneration
Stlth   +            v - ring of poison resistance
HPRegen 1.10/turn    (no ring)
MPRegen 0.55/turn

%: no passive effects
@: no status effects
A: fangs 1, strong nose, distributed training
a: no special abilities


You were on level 6 of the Dungeon.
You visited 1 branch of the dungeon, and saw 6 of its levels.

You collected 292 gold pieces.
You spent 200 gold pieces at shops.

Inventory:

Hand Weapons
 a - a +0 mace (weapon)
Missiles
 d - 7 boomerangs of dispersal
 k - 10 javelins
 s - 5 boomerangs (quivered)
Armour
 b - a +0 leather armour
 e - the +1 helmet "Nyoveg" (worn) {rC+ rN+ Regen+}
   (You acquired it on level 1 of the Dungeon)

   rC:        It protects you from cold.
   rN:        It protects you from negative energy.
   Regen:     It increases your rate of health regeneration.
 A - a +2 scale mail of willpower (worn)
Magical Staves
 i - a staff of earth
Jewellery
 v - a ring of poison resistance (left hand)
 C - an amulet of faith
 D - an amulet of magic regeneration (around neck)
 G - an amulet of guardian spirit
Wands
 E - a wand of flame (20)
Scrolls
 g - a scroll of summoning
 h - 2 scrolls of noise
 l - 2 scrolls of fog
 n - a scroll of torment {unknown}
 o - a scroll of immolation
 q - a scroll of enchant weapon {unknown}
 t - a scroll of amnesia {unknown}
 u - 3 scrolls of enchant armour {unknown}
 y - 2 scrolls of teleportation {unknown}
 B - a scroll of silence {unknown}
 I - a scroll of identify
Potions
 f - a potion of invisibility {unknown}
 j - 2 potions of ambrosia {unknown}
 m - 4 potions of curing
 p - 2 potions of degeneration
 r - a potion of brilliance {unknown}
 w - a potion of lignification {unknown}
 x - 2 potions of heal wounds {unknown}
 z - 2 potions of berserk rage {unknown}
 F - a potion of cancellation {unknown}
 H - a potion of resistance {unknown}


   Skills:
 + Level 5.6 Fighting
 + Level 3.1 Short Blades
 + Level 3.1 Long Blades
 + Level 3.1 Axes
 + Level 5.6 Maces & Flails
 + Level 3.1 Polearms
 + Level 3.1 Staves
 + Level 3.1 Ranged Weapons
 + Level 4.1 Throwing
 + Level 4.1 Armour
 + Level 5.6 Dodging
 + Level 3.1 Stealth
 + Level 3.1 Shields
 + Level 3.1 Unarmed Combat
 + Level 6.0 Spellcasting
 + Level 2.5 Conjurations
 + Level 2.5 Hexes
 + Level 2.5 Summonings
 + Level 2.5 Necromancy
 + Level 6.1 Translocations
 + Level 2.5 Transmutations
 + Level 2.5 Fire Magic
 + Level 2.5 Ice Magic
 + Level 2.5 Air Magic
 + Level 2.5 Earth Magic
 + Level 2.5 Poison Magic
 + Level 3.4 Invocations
 + Level 3.1 Evocations


You had 17 spell levels left.
You knew the following spells:

 Your Spells              Type           Power      Damage    Failure   Level
a - Blink                 Tloc           38%        N/A       10%         2

Your spell library contained the following spells:

 Spells                   Type           Power      Damage    Failure   Level
 Lesser Beckoning         Tloc           38%        N/A       10%         2
 Teleport Other           Tloc           19%        N/A       19%         3
 Vhi's Electric Charge    Tloc/Air       30%        N/A       36%         3
 Manifold Assault         Tloc           19%        N/A       54%         4


Dungeon Overview and Level Annotations

Branches:
Dungeon (6/15)
 Temple: D:4-7

Altars:
Zin

Shops:
D:5 :[*[

Annotations:
D:6 Eustachio


Innate Abilities, Weirdness & Mutations

You have very sharp teeth.
Your uncanny sense of smell can sniff out nearby items.
Your experience applies equally to all skills.


Message History

The steam dragon is almost dead.
You are engulfed in a cloud of scalding steam.
The quokka bites you but does no damage.
The hound bites you but does no damage. The steam dragon bites you.
The steam dragon claws you but does no damage.
The quokka bites you.
You closely miss the steam dragon.
The steam dragon is almost dead.
The hound closely misses you. The steam dragon bites you.
The steam dragon closely misses you. The hound bites you but does no damage.
The quokka bites you but does no damage.
Unknown command.
You hit the steam dragon.
The steam dragon is almost dead.
The hound bites you. The steam dragon bites you.
* * * LOW HITPOINT WARNING * * *
The steam dragon claws you but does no damage.
The quokka bites you.
* * * LOW HITPOINT WARNING * * *
The hound closely misses you. The steam dragon bites you.
* * * LOW HITPOINT WARNING * * *
The steam dragon claws you but does no damage.
The quokka bites you but does no damage.
Unknown command.
Okay, then.
Blink to where?
Press: ? - help, Dir - move target
As you read the scroll of blinking, it crumbles to dust.
The iron imp sputters.
Eustachio gestures wildly while chanting.
The bat disappears in a puff of smoke!
The quokka disappears in a puff of smoke!
Eustachio casts a spell.
Eustachio blinks!
The steam dragon breathes steam at you.
The ball of steam hits the bat!
The bat dies!
The bat's corpse disappears in a puff of smoke!
The ball of steam hits you!
You die...

#..........#.#......
###....55r§†...#....#
........5D.§......###
..........§§..[.....######
........r§.......##.##....
....@......h#.......^.>..#
.........§r..........)....
.........§..!......>......
.........@..##.#..#.####..
.......#######.##.#.# #..
....... ..##...####..
.####.# #.###......... ..
#.##.......... .#.
.#...>....### ..
........#...#
.##.....###.# #.....###.#


You could see Eustachio, a hound, 2 iron imps, a river rat (summoned), a white
imp (summoned) and a quokka (summoned).

Vanquished Creatures
  A black bear (D:6)
  4 ogres
  3 scorpions
  An orc priest (D:6)
  A hound (D:5)
  A sleepcap (D:5)
  2 iguanas (D:5)
  2 orc wizards
  A gnoll (D:1)
  4 adders
  2 shadow imps (D:4)
  An ufetubus (D:5)
  2 worms
  6 dart slugs
  17 orcs
  6 bats
  8 endoplasms
  2 giant cockroaches
  4 goblins
  8 hobgoblins
  8 jackals
  2 kobolds (D:1)
  2 quokkas
  9 ball pythons
  3 frilled lizards
  7 rats
107 creatures vanquished.

Vanquished Creatures (others)
  An iguana (D:6)
1 creature vanquished.

Grand Total: 108 creatures vanquished

Notes
Turn   | Place    | Note
-------+----------+-------------------------------------------
     0 | D:1      | olmar the Gnoll Warper began the quest for the Orb.
     0 | D:1      | Reached XP level 1. HP: 20/20 MP: 6/6
   145 | D:1      | Reached XP level 2. HP: 20/26 MP: 7/7
   299 | D:1      | Reached skill level 5 in Spellcasting
   299 | D:1      | Reached XP level 3. HP: 31/31 MP: 7/9
   302 | D:1      | Learned a level 2 spell: Blink
   533 | D:1      | Reached skill level 1 in Invocations
   643 | D:1      | Identified a scroll of acquirement
   646 | D:1      | Acquired the +1 helmet "Nyoveg" {rC+ rN+ Regen+}
   823 | D:2      | Reached skill level 1 in Short Blades
   823 | D:2      | Reached skill level 1 in Long Blades
   823 | D:2      | Reached skill level 1 in Axes
   823 | D:2      | Reached skill level 1 in Polearms
   823 | D:2      | Reached skill level 1 in Staves
   823 | D:2      | Reached skill level 1 in Ranged Weapons
   823 | D:2      | Reached skill level 1 in Stealth
   823 | D:2      | Reached skill level 1 in Shields
   823 | D:2      | Reached skill level 1 in Unarmed Combat
   823 | D:2      | Reached skill level 1 in Evocations
   875 | D:2      | Reached XP level 4. HP: 38/38 MP: 11/11
  1380 | D:3      | Reached skill level 1 in Conjurations
  1380 | D:3      | Reached skill level 1 in Hexes
  1380 | D:3      | Reached skill level 1 in Summonings
  1380 | D:3      | Reached skill level 1 in Necromancy
  1380 | D:3      | Reached skill level 1 in Transmutations
  1380 | D:3      | Reached skill level 1 in Fire Magic
  1380 | D:3      | Reached skill level 1 in Ice Magic
  1380 | D:3      | Reached skill level 1 in Air Magic
  1380 | D:3      | Reached skill level 1 in Earth Magic
  1380 | D:3      | Reached skill level 1 in Poison Magic
  1856 | D:4      | Noticed an ogre
  1862 | D:4      | Killed an ogre
  1863 | D:4      | Reached XP level 5. HP: 43/43 MP: 12/12
  2038 | D:4      | Reached XP level 6. HP: 50/50 MP: 13/13
  2322 | D:4      | Reached skill level 5 in Fighting
  2322 | D:4      | Reached skill level 5 in Maces & Flails
  2322 | D:4      | Reached skill level 5 in Dodging
  2856 | D:5      | Entered Level 5 of the Dungeon
  3049 | D:5      | Reached XP level 7. HP: 56/56 MP: 15/15
  3134 | D:5      | Found Vaxut's Book Emporium.
  3134 | D:5      | Found Ylor's Antique Armour Shop.
  3170 | D:5      | Found Yrphy's Assorted Antiques.
  3176 | D:5      | Bought a tiny filigree amulet for 100 gold pieces
  3176 | D:5      | Bought a twisted amethyst amulet for 100 gold pieces
  3486 | D:5      | Found Ymoomny's Antique Armour Shop.
  3709 | D:5      | Found a glowing silver altar of Zin.
  3709 | D:5      | Noticed an angel
  3787 | D:6      | Reached XP level 8. HP: 63/63 MP: 16/16
  4003 | D:6      | Noticed Eustachio
  4020 | D:6      | Killed from afar by a steam dragon

Illustrated notes

Levels and vault maps discovered:
D:1:      wander_arrival_lonely_grave, layout_loops_ring,
          amcnicky_mini_rare_corridor_liquid, minivault_25,
          chequers_serial_rivers_large_a
D:2:      layout_rooms
D:3:      layout_loops_cross, serial_rivers, chequers_serial_rivers_micro_a,
          chequers_serial_rivers_micro_d, chequers_serial_rivers_large_b,
          chequers_serial_rivers_micro_e, chequers_serial_rivers_micro_a
D:4:      layout_basic, kennysheep_generic_room_15
D:5:      layout_basic, zin_angel, serial_shops, nicolae_shop_statue_plus,
          nicolae_square_shop, shop, nicolae_square_shop
D:6:      black_bear_nest_2, layout_rooms, kennysheep_generic_room_14,
          uniq_eustachio

Skill      XL: |  1  2  3  4  5  6  7  8 |
---------------+-------------------------+-----
Spellcasting   | 5 6 |  6.0
Invocations    | 1 2 3 |  3.4
Short Blades   | 1 2 3 |  3.1
Long Blades    | 1 2 3 |  3.1
Axes           | 1 2 3 |  3.1
Polearms       | 1 2 3 |  3.1
Staves         | 1 2 3 |  3.1
Ranged Weapons | 1 2 3 |  3.1
Stealth        | 1 2 3 |  3.1
Shields        | 1 2 3 |  3.1
Unarmed Combat | 1 2 3 |  3.1
Evocations     | 1 2 3 |  3.1
Conjurations   | 1 2 |  2.5
Hexes          | 1 2 |  2.5
Summonings     | 1 2 |  2.5
Necromancy     | 1 2 |  2.5
Transmutations | 1 2 |  2.5
Fire Magic     | 1 2 |  2.5
Ice Magic      | 1 2 |  2.5
Air Magic      | 1 2 |  2.5
Earth Magic    | 1 2 |  2.5
Poison Magic   | 1 2 |  2.5
Throwing       | 3 4 |  4.1
Armour         | 3 4 |  4.1
Fighting       | 5 |  5.6
Maces & Flails | 5 |  5.6
Dodging        | 5 |  5.6
Translocations | 6 |  6.1

Action                     |  1- 3 |  4- 6 |  7- 9 || total
---------------------------+-------+-------+-------++-------
  Melee: Mace              |   105 |   246 |   123 ||   474
         Bite              |     7 |    25 |    13 ||    45
         Punch             |     2 |     4 |     3 ||     9
  Throw: Boomerang         |       |     4 |    17 ||    21
         Javelin           |       |     7 |     6 ||    13
   Cast: Blink             |       |       |     4 ||     4
    Use: Scroll            |     4 |     3 |     1 ||     8
         Potion            |       |     2 |       ||     2
   Stab: Sleeping          |     2 |     3 |       ||     5
 Armour: Leather armour    |    28 |    77 |       ||   105
         Scale mail        |       |    14 |   101 ||   115
  Dodge: Dodged            |   101 |   178 |    97 ||   376
